 Dungeon Crawl Stone Soup version 0.23-a0-607-g760965b (webtiles) character file.

1462 nikopol the Cleaver (level 8, 0/71 HPs)
             Began as a Minotaur Berserker on Dec 20, 2018.
             Was an Elder of Trog.
             Succumbed to a killer bee's poison
             ... on level 6 of the Dungeon.
             The game lasted 00:08:28 (4408 turns).

nikopol the Cleaver (Minotaur Berserker)            Turns: 4408, Time: 00:08:29

Health: 0/71       AC: 11    Str: 22    XL:     8   Next: 48%
Magic:  7/7        EV:  9    Int:  5    God:    Trog [****..]
Gold:   239        SH:  0    Dex: 11    Spells: 7/7 levels left

rFire    . . .     SeeInvis .   a - +0 hand axe
rCold    . . .     Gourm    .   (no shield)
rNeg     . . .     Faith    .   t - +0 chain mail
rPois    .         Spirit   .   (helmet restricted)
rElec    .         Reflect  .   (no cloak)
rCorr    .         Harm     .   (no gloves)
MR       +....                  (no boots)
Stlth    ..........             (no amulet)
HPRegen  0.21/turn              e - ring of protection from magic
MPRegen  0.10/turn              i - +2 ring of protection

@: lethally poisoned (0 -> -31), berserk cooldown, slowed, very slow
A: retaliatory headbutt, horns 2
a: Berserk, Trog's Hand, Brothers in Arms, Renounce Religion


You were on level 6 of the Dungeon.
You worshipped Trog.
Trog was greatly pleased with you.
You were not hungry.

You visited 1 branch of the dungeon, and saw 6 of its levels.

You collected 239 gold pieces.

Inventory:

Hand Weapons
 a - a +0 hand axe (weapon)
 z - a +0 shortbow
Missiles
 n - 94 arrows
Armour
 b - a +0 animal skin
 t - a +0 chain mail (worn)
Jewellery
 e - a ring of protection from magic (left hand)
 f - an uncursed amulet of the gourmand {unknown}
 i - a +2 ring of protection (right hand)
 m - an uncursed ring of protection from cold
 v - a cursed ring of teleportation {unknown}
Wands
 w - a wand of polymorph (9)
 x - a wand of iceblast (7)
Scrolls
 h - 3 scrolls of identify {unknown}
 j - a scroll of immolation {unknown}
 k - a scroll of amnesia {unknown}
 o - a scroll of teleportation {unknown}
 r - 2 scrolls of magic mapping {unknown}
 u - 3 scrolls of remove curse {unknown}
Potions
 d - a potion of degeneration {unknown}
 g - 2 potions of heal wounds {unknown}
 l - a potion of flight {unknown}
 p - a potion of haste {unknown}
 q - 2 potions of curing {unknown}
 s - a potion of lignification {unknown}
Comestibles
 c - 8 rations


   Skills:
 + Level 6.6 Fighting
 * Level 8.8 Axes
 * Level 4.9 Bows
 + Level 3.3 Armour
 + Level 4.5 Dodging
 + Level 1.6 Stealth


You had 7 spell levels left.
You didn't know any spells.
Your spell library was empty.

Dungeon Overview and Level Annotations

Branches:
Dungeon (6/15)
 Temple: D:4-7

Altars:
Nemelex Xobeh
Qazlal
Sif Muna
Yredelemnul
The Shining One

Shops:
D:5 }%*(


Innate Abilities, Weirdness & Mutations

You reflexively headbutt those who attack you in melee.
You have a pair of horns on your head.


Message History

You feel sick. The killer bee barely misses you.
You slash the killer bee! You headbutt the killer bee.
You kill the killer bee!
Trog accepts your kill.
* * * LOW HITPOINT WARNING * * *
You feel sick.
* * * LOW HITPOINT WARNING * * *
You feel sick.
You feel a strong urge to attack something.
* * * LOW HITPOINT WARNING * * *
You feel sick.
You are too berserk!
Unknown command.
You are too berserk!
* * * LOW HITPOINT WARNING * * *
You feel sick.
You feel your anger nearly subside.
You are no longer berserk.
You are exhausted.
You feel yourself slow down.
You die...

#.#.#.#.#...[..
#######.#.#.#.#.##..#.#
...........†..#.##..#.# .
..............#.##..#.#....(.
.######.#.#.........#.#.....#
#.#...........#.#......
#####(......#.##..#.#(....#
.##.................††......####
................@....†.(.......##
.##.###...#.........#.#..........
....###.###.#.............<......
............................#####
.................................
..#.###.#.#...#...........(......
..#.###.#.#.#.#.#.....#.#...###.#
....................>............
#.#.###.#.#.#.................#.#


There were no monsters in sight!

Vanquished Creatures
  Grinder (D:3)
  2 phantoms (D:5)
  A centaur (D:5)
  2 water moccasin zombies
  6 killer bees (D:6)
  A howler monkey (D:3)
  2 crimson imps
  A centaur skeleton (D:5)
  3 orc priests
  2 iguanas
  2 orc wizards
  A worker ant (D:4)
  Robin (D:4)
  8 gnolls
  6 adders
  An ooze (D:3)
  3 adder skeletons (D:4)
  3 worms
  2 dart slugs (D:1)
  5 leopard geckos
  16 orcs
  6 giant cockroaches
  18 goblins
  9 hobgoblins
  6 jackals
  5 kobolds
  2 quokkas
  A ball python (D:3)
  5 bats
  13 frilled lizards
  A leopard gecko skeleton (D:4)
  5 rats
140 creatures vanquished.

Notes
Turn   | Place    | Note
-------+----------+-------------------------------------------
     0 | D:1      | nikopol the Minotaur Berserker began the quest for the Orb.
     0 | D:1      | Reached XP level 1. HP: 19/19 MP: 0/0
   168 | D:1      | Reached XP level 2. HP: 18/27 MP: 1/1
   294 | D:1      | Found a sparkling altar of Nemelex Xobeh.
   419 | D:1      | Reached skill level 4 in Axes
   509 | D:1      | Reached XP level 3. HP: 27/33 MP: 2/2
   819 | D:2      | Reached XP level 4. HP: 30/41 MP: 3/3
   903 | D:2      | Reached ** piety under Trog
  1441 | D:3      | Reached skill level 5 in Axes
  1460 | D:3      | Reached XP level 5. HP: 35/47 MP: 4/4
  1566 | D:3      | Found a deep blue altar of Sif Muna.
  1603 | D:3      | Reached skill level 5 in Fighting
  1821 | D:3      | Reached skill level 1 in Stealth
  1915 | D:3      | Reached *** piety under Trog
  2048 | D:3      | Noticed Grinder
  2054 | D:3      | Paralysed by Grinder for 3 turns
  2062 | D:3      | Killed Grinder
  2062 | D:3      | Reached skill level 6 in Axes
  2062 | D:3      | Reached XP level 6. HP: 35/56 MP: 5/5
  2422 | D:3      | Reached skill level 7 in Axes
  2426 | D:3      | Reached XP level 7. HP: 46/62 MP: 6/6
  2928 | D:4      | Found a basalt altar of Yredelemnul.
  3041 | D:4      | Found a stormy altar of Qazlal.
  3135 | D:4      | Noticed Robin
  3142 | D:4      | Killed Robin
  3144 | D:4      | Reached **** piety under Trog
  3563 | D:5      | Entered Level 5 of the Dungeon
  3574 | D:5      | Reached skill level 8 in Axes
  3781 | D:5      | Found Ytrutul's Weapon Shop.
  3809 | D:5      | Found a glowing golden altar of the Shining One.
  3814 | D:5      | Found Alahogg's Food Emporium.
  3902 | D:5      | Reached skill level 1 in Bows
  4003 | D:5      | Reached XP level 8. HP: 64/71 MP: 7/7
  4106 | D:5      | Found Vuguc's Gadget Shoppe.
  4181 | D:5      | Found Jaojaimoemp's Assorted Antiques.
  4406 | D:6      | HP: 5/106 [poisoned by a killer bee]
  4408 | D:6      | Succumbed to a killer bee's poison

Vault maps used:
D:1:      elethiomel_arrival_quiet, nemelex_diamond_rough_becter
D:2:      kennysheep_nondescript, corexii_item_surrounded_by_moat,
          minmay_lizard_king
D:3:      lemuel_tele_altar, uniq_grinder
D:4:      lemuel_crystal_altar, kennysheep_mini_moat, grunt_decor_cap,
          uniq_robin
D:5:      overflow_temple_1_default, serial_shops, nicolae_shop_behind_doors,
          kennysheep_mini, nicolae_shop_trees, nicolae_shop_stone, first_ration
D:6:      minitemple, serial_shops, shop_fountains

Skill      XL: |  1  2  3  4  5  6  7  8 |
---------------+-------------------------+-----
Fighting       | 4 5 6 |  6.6
Axes           | 4 5 6 7 8 |  8.8
Dodging        | 3 4 |  4.5
Stealth        | 1 |  1.6
Bows           | 2 4 |  4.9
Armour         | 3 |  3.3

Action                   |  1- 3 |  4- 6 |  7- 9 || total
-------------------------+-------+-------+-------++-------
Melee: Hand axe          |    52 |   126 |   112 ||   290
       Headbutt          |     8 |    22 |    21 ||    51
 Fire: Shortbow          |       |       |    51 ||    51
Invok: Berserk           |       |     3 |     2 ||     5
 Stab: Sleeping          |     1 |     1 |       ||     2
  Eat: Chunk             |       |     6 |     6 ||    12
       Ration            |       |       |     1 ||     1
Armor: Animal skin       |     4 |    32 |     6 ||    42
       Chain mail        |       |       |    55 ||    55
Dodge: Dodged            |    29 |    78 |    72 ||   179

Table legend:
 A = Non-vault XP
 B = Vault XP
 C = Vault XP percentage of total XP
 D = Non-vault monster count
 E = Vault monster count
 F = Vault count percentage of total count
                 A         B        C        D         E       F
            +---------+---------+-------+---------+---------+-------
      Total |    1776 |     313 |  15.0 |     118 |      22 |  15.7
            +---------+---------+-------+---------+---------+-------
        D:1 |      54 |       0 |   0.0 |      19 |       0 |   0.0
        D:2 |      74 |      12 |  14.0 |      21 |      10 |  32.3
        D:3 |     363 |     267 |  42.4 |      40 |       1 |   2.4
        D:4 |     205 |      34 |  14.2 |      17 |      11 |  39.3
        D:5 |     571 |       0 |   0.0 |      10 |       0 |   0.0
        D:6 |     509 |       0 |   0.0 |      11 |       0 |   0.0
            +---------+---------+-------+---------+---------+-------
